Map: Ulrena

Players

Blake

  • Race: Terran Terran

A.I. 1 (Very Easy) - Winner!

  • Race: Terran Terran

VOD

Have the link to the VOD?

Description

Time

  • Played on: Nov. 29, 2015, 3:25 p.m.
  • Length: 6:30
Show
View Real Time Build Order
Export as new Build Order

Blake Terran 

Build Orders: Reaper Expand, MMM Bio 

Get SALT Encoding   

  12  0:00  SCV  
  13  0:13  SCV  
  14  0:17  Supply Depot  
  14  0:25  SCV  
  15  0:39  SCV  
  15  0:40  Barracks  
  16  0:44  Refinery  
  16  0:51  SCV  
  17  1:03  SCV  
  18  1:15  SCV  
  19  1:27  Reaper  
  19  1:28  Orbital Command  
  20  1:41  Command Center  
  20  1:52  Supply Depot  
  20  1:54  SCV  
  21  2:04  Barracks Reactor  
  21  2:06  SCV  
  22  2:10  Barracks  
  22  2:18  SCV  
  23  2:26  Barracks  
  23  2:31  SCV  
  24  2:43  SCV, Marine x2  
  27  2:52  Refinery  
  27  2:55  Orbital Command  
  27  2:57  Barracks Tech Lab  
  27  3:01  Marine x2  
  27  3:03  SCV  
  30  3:15  SCV, Barracks Tech Lab  
  30  3:16  Stimpack  
  31  3:20  Marine x2  
  31  3:21  Marine  
  31  3:24  SCV  
  35  3:28  SCV  
  35  3:32  Factory  
  36  3:34  Engineering Bay  
  36  3:36  SCV  
  36  3:38  Marine  
  36  3:40  SCV  
  36  3:41  Marine  
  40  3:47  Supply Depot  
  40  3:48  SCV  
  41  3:50  Combat Shields  
  41  3:55  SCV  
  42  4:00  Terran Infantry Weapons Level 1, SCV  
  42  4:02  Refinery  
  43  4:07  SCV, Marine x2  
  46  4:11  Marauder  
  46  4:15  SCV  
  49  4:18  Starport  
  49  4:23  SCV  
  50  4:25  Marine  
  50  4:26  Marine  
  50  4:27  Factory Reactor, Marine  
  53  4:32  SCV  
  53  4:37  Supply Depot  
  54  4:43  Supply Depot  
  54  4:52  Supply Depot  
  54  4:58  Marine x2  
  54  4:59  SCV x2, Marauder x2  
  62  5:08  Medivac x2  
  62  5:11  SCV  
  62  5:12  SCV  
  68  5:16  Supply Depot  
  68  5:17  Marine x2  
  70  5:23  SCV  
  71  5:32  Command Center  
  71  5:33  Concussive Shells, Marauder x2  
  74  5:36  Marine x2  
  74  5:37  SCV x2  
  74  5:40  Supply Depot  
  78  5:50  SCV x2  
  78  5:56  Engineering Bay  
  80  5:59  Armory  
  80  6:00  Marine x2  
  86  6:25  Barracks x2  
Show
View Real Time Build Order
Export as new Build Order

A.I. 1 (Very Easy) Terran - Winner!

Build Orders: Reaper Expand 

Get SALT Encoding   

  12  0:00  SCV  
  13  0:13  SCV  
  14  0:20  Supply Depot  
  14  0:46  Barracks  
  14  1:04  Command Center  
  14  1:33  Supply Depot, Marine, Orbital Command  
  14  1:39  Refinery  
  15  1:51  Refinery  
  15  1:58  SCV  
  16  2:10  SCV  
  17  2:16  SCV  
  17  2:18  Reaper  
  18  2:23  SCV  
  19  2:31  SCV  
  20  2:38  SCV  
  21  2:45  SCV  
  22  2:52  SCV  
  22  2:54  Refinery  
  23  2:59  SCV  
  23  3:04  Marine  
  25  3:07  SCV  
  26  3:14  SCV  
  27  3:21  SCV  
  27  3:22  Factory  
  28  3:46  Refinery  
  28  3:47  SCV  
  29  3:50  Marine  
  29  3:55  SCV  
  31  4:02  SCV  
  32  4:06  Supply Depot  
  32  4:08  Starport  
  32  4:09  SCV  
  33  4:16  SCV  
  34  4:23  SCV  
  35  4:31  SCV  
  36  4:36  Reaper  
  36  4:38  SCV  
  38  4:45  SCV  
  39  4:46  Starport Tech Lab  
  39  4:49  Supply Depot  
  39  4:52  SCV  
  40  4:59  SCV  
  41  5:06  SCV, Raven  
  44  5:13  SCV  
  45  5:21  SCV, Marine  
  46  5:28  SCV  
  50  6:07  Marine  
  45  6:12  Supply Depot  
Tags
 
Composition
MMM Bio
Matchup
TvT
Race
Terran
Add a new tag
Caveats
  • Supply blocks, unpowered buildings, or Contaminate may cause inaccurate times.
  • Supply counts are checked every 10 seconds.